 Dungeon Crawl Stone Soup version 0.18-a0-816-g97f838e (webtiles) character file.

1325 JokEr the Skirmisher (level 8, 0/61 HPs)
             Began as an Octopode Fighter on Dec 15, 2015.
             Was a Believer of Okawaru.
             Succumbed to a scorpion's poison
             ... on level 5 of the Dungeon.
             The game lasted 00:09:32 (5172 turns).

JokEr the Skirmisher (Octopode Fighter)             Turns: 5172, Time: 00:09:32

Health: 0/61       AC:  1    Str: 17    XL:     8   Next: 60%
Magic:  8/8        EV: 10    Int: 10    God:    Okawaru [**....]
Gold:   290        SH:  9    Dex: 12    Spells: 0 memorised, 7 levels left

rFire  . . .     SeeInvis .     a - +1 war axe
rCold  . . .     Clarity  .     b - +0 shield
rNeg   . . .     SustAt   .     (helmet restricted)
rPois  .         Gourm    .     (no amulet)
rElec  .         Spirit   .     (no ring)
rCorr  .         Dismiss  .     (no ring)
rMut   .         Stasis   .     (no ring)
MR     .....                    (no ring)
Stlth  ++........               (no ring)
                                (no ring)
                                (no ring)
                                (no ring)

@: lethally poisoned (0 -> -3), not resistant to hostile enchantments,
unstealthy
A: almost no armour, amphibious, 8 rings, constrict 8, camouflage 1, gelatinous
body 1
a: Heroism, Renounce Religion


You were on level 5 of the Dungeon.
You worshipped Okawaru.
Okawaru was pleased with you.
You were hungry.

You visited 2 branches of the dungeon, and saw 6 of its levels.

You collected 290 gold pieces.

Inventory:

Hand Weapons
 a - a +1 war axe (weapon)
 i - a +1 war axe of chopping
Armour
 b - a +0 shield (worn)
Wands
 h - a wand of confusion (26)
Scrolls
 g - a scroll of remove curse
 m - 3 scrolls of identify
 o - a scroll of teleportation
 s - a scroll of magic mapping
Potions
 c - a potion of lignification {unknown}
 e - 2 potions of agility
 l - a potion of beneficial mutation {unknown}
 n - a potion of degeneration {unknown}
 p - a potion of brilliance {unknown}
 q - 2 potions of curing {unknown}
Comestibles
 d - 2 bread rations
 f - a royal jelly
 j - 2 beef jerkies
 k - a fruit


   Skills:
 + Level 7.9 Fighting
 + Level 7.4 Axes
 - Level 3.0 Dodging
 - Level 3.0 Shields


You had 7 spell levels left.
You didn't know any spells.

Dungeon Overview and Level Annotations

Branches:
Dungeon (5/15)             Temple (1/1) D:4

Altars:
Ashenzari
Cheibriados
Fedhas
Gozag
Makhleb
Nemelex Xobeh
Okawaru
Pakellas
Ru
Sif Muna
Vehumet
Xom
Zin


Innate Abilities, Weirdness & Mutations

You cannot wear most types of armour.
You are amphibious.
You can wear up to eight rings at the same time.
You can use your tentacles to constrict eight enemies at once.
Your skin changes colour to match your surroundings (Stealth).
Your rubbery body absorbs attacks (AC +1).


Message History

i - a runed war axe The scorpion stings you.
* * * LOW HITPOINT WARNING * * *
You hit the scorpion but do no damage. You grab the scorpion.
You squeeze the scorpion!
The scorpion is heavily wounded.
You constrict the scorpion, but do no damage.
The scorpion stings you!
* * * LOW HITPOINT WARNING * * *
You are lethally poisoned!
The scorpion poisons you!
You barely miss the scorpion.
The scorpion is heavily wounded.
You constrict the scorpion, but do no damage.
* * * LOW HITPOINT WARNING * * *
You feel sick. You block the scorpion's attack.
You slash the scorpion!
You kill the scorpion!
Okawaru accepts your kill.
You die...

#...... # ####...... #.#........#
##.#.##...#.# ......#.#.#.#
..#....†.#.# #.# ##.
.######.#.###.# #.# ..#
#+##.............# ##.# #.#
#@##.#####..###### .p#####.#
#.##..........#### ###.. ..#.#
#.######......+... ....###.#.#
#.# #......####
...p..#.#.######.# #......#
.....[...........# ###....#
#####)#.#.########## #....####
p.....#.#.##.....[.# ###........
####..#.#.##.#####<####.......###


There were no monsters in sight!

Vanquished Creatures
  Pikel (D:5)
  Sigmund (D:2)
  An orc warrior (D:4)
  2 slaves (D:5)
  A centaur (D:5)
  A sky beast (D:5)
  The ghost of crawlian the Digger, an amateur DEEE (D:4)
  A scorpion (D:5)
  Crazy Yiuf (D:2)
  An orc wizard (D:4)
  An orc priest (D:4)
  4 hounds
  Jessica (D:2)
  A hound zombie (D:5)
  3 gnolls (D:2)
  2 adders (D:2)
  An ooze (D:3)
  An adder skeleton (D:5)
  2 worms
  4 giant geckos
  5 orcs
  8 goblins
  6 hobgoblins
  6 jackals
  2 kobolds (D:2)
  9 bats
  4 giant cockroaches
  8 giant newts
  8 rats
87 creatures vanquished.

Notes
Turn   | Place    | Note
--------------------------------------------------------------
     0 | D:1      | JokEr the Octopode Fighter began the quest for the Orb.
     0 | D:1      | Reached XP level 1. HP: 16/16 MP: 1/1
   574 | D:1      | Reached XP level 2. HP: 17/21 MP: 2/2
  1461 | D:2      | Reached XP level 3. HP: 26/26 MP: 3/3
  1475 | D:2      | Noticed Jessica
  1480 | D:2      | Killed Jessica
  1524 | D:2      | Found a blossoming altar of Fedhas.
  1600 | D:2      | Reached XP level 4. HP: 28/33 MP: 4/4
  1712 | D:2      | Noticed Sigmund
  1721 | D:2      | Killed Sigmund
  1721 | D:2      | Reached skill level 4 in Fighting
  1721 | D:2      | Reached XP level 5. HP: 32/38 MP: 5/5
  2023 | D:2      | Noticed Crazy Yiuf
  2029 | D:2      | Killed Crazy Yiuf
  2029 | D:2      | Reached skill level 5 in Fighting
  2029 | D:2      | Reached XP level 6. HP: 18/45 MP: 2/6
  2964 | D:3      | Found a faded altar to an unknown god.
  3278 | D:4      | Noticed crawlian's ghost (amateur DEEE)
  3334 | D:4      | Killed crawlian's ghost
  3334 | D:4      | Reached skill level 5 in Axes
  3418 | D:4      | Reached XP level 7. HP: 48/51 MP: 7/7
  3430 | D:4      | Found a staircase to the Ecumenical Temple.
  3476 | Temple   | Entered the Ecumenical Temple
  3540 | Temple   | Became a worshipper of Warmaster Okawaru
  3787 | D:4      | Reached skill level 6 in Fighting
  4171 | D:5      | Entered Level 5 of the Dungeon
  4458 | D:5      | Reached * piety under Okawaru
  4591 | D:5      | Noticed Pikel
  5131 | D:5      | Reached XP level 8. HP: 55/58 MP: 8/8
  5146 | D:5      | Killed Pikel
  5146 | D:5      | Reached ** piety under Okawaru
  5146 | D:5      | Reached skill level 7 in Fighting
  5170 | D:5      | HP: 1/61 [scorpion (9)]
  5172 | D:5      | Succumbed to a scorpion's poison

Vault maps used:
D:1:      minmay_arrival_plants_in_alcoves
D:2:      fedhas_altar_3, first_bread, uniq_jessica, uniq_sigmund,
          uniq_crazy_yiuf_cottage
D:3:      ecumenical_altar_2
D:4:      minmay_temple_entry_butterflies, guppyfry_early_orc_mine
D:5:      serial_shops, nicolae_shop_statue_plus, uniq_blork_the_orc, uniq_pikel
Temple:   water_room_temple_b_12

Action                   |  1- 3 |  4- 6 |  7- 9 || total
-------------------------+-------+-------+-------++-------
Melee: War axe           |    50 |    80 |    67 ||   197
  Use: Scroll            |     3 |     4 |     4 ||    11
       Potion            |       |     1 |     2 ||     3
 Stab: Sleeping          |     4 |     8 |     1 ||    13
  Eat: Bread ration      |     1 |       |       ||     1
       Chunk             |       |     3 |     4 ||     7
       Fruit             |       |       |     2 ||     2
